 Dungeon Crawl Stone Soup version 0.26-a0-612-gd4d190f45e (webtiles) character file.

Game seed: 11494912849683693050

186 DogServant the Skirmisher (level 5, -7/47 HPs)
             Began as a Minotaur Berserker on Sept 10, 2020.
             Was a Believer of Trog.
             Killed by divine providence
             ... invoked by an orc priest
              (13 damage)
             ... on level 3 of the Dungeon.
             The game lasted 00:04:46 (2257 turns).

DogServant the Skirmisher (Minotaur Berserker)      Turns: 2257, Time: 00:04:46

Health: -7/47      AC:  2    Str: 22    XL:     5   Next: 38%
Magic:  4/4        EV: 13    Int:  4    God:    Trog [**....]
Gold:   149        SH:  0    Dex: 10    Spells: 4/4 levels left

rFire    . . .     SeeInvis .   a - +1 falchion
rCold    . . .     Faith    .   (no shield)
rNeg     . . .     Spirit   .   b - +0 animal skin
rPois    .         Reflect  .   (helmet restricted)
rElec    .         Harm     .   (no cloak)
rCorr    .                      (no gloves)
MR       .....                  (no boots)
Stlth    +.........             (no amulet)
HPRegen  0.15/turn              (no ring)
MPRegen  0.09/turn              (no ring)

@: berserk cooldown, slowed, very slow
A: retaliatory headbutt, horns 2
a: Berserk, Trog's Hand, Renounce Religion


You were on level 3 of the Dungeon.
You worshipped Trog.
Trog was pleased with you.
You visited 1 branch of the dungeon, and saw 3 of its levels.

You collected 149 gold pieces.

Inventory:

Hand Weapons
 a - a +1 falchion (weapon)
Armour
 b - a +0 animal skin (worn)
 j - a +0 helmet
Scrolls
 e - a scroll of fog {unknown}
 f - a scroll of identify
 g - 2 scrolls of teleportation {unknown}
 i - 3 scrolls of blinking {unknown}
 k - a scroll of magic mapping {unknown}
Potions
 c - 2 potions of flight
 d - 3 potions of curing
 h - a potion of brilliance


   Skills:
 + Level 4.8 Fighting
 + Level 4.8 Long Blades
 + Level 4.0 Armour
 + Level 3.6 Dodging


You had 4 spell levels left.
You didn't know any spells.
Your spell library was empty.

Dungeon Overview and Level Annotations

Branches:
Dungeon (3/15)

Altars:


Innate Abilities, Weirdness & Mutations

You reflexively headbutt those who attack you in melee.
You have a pair of horns on your head.


Message History

You feel yourself slow down.
Things that are here:
a +0 flail; 16 stones; an orc corpse You now have 149 gold pieces (gained 5).
HP restored.
An orc priest is nearby!
The orc priest calls down the wrath of Beogh upon you.
Beogh smites you!
You hit the orc priest.
The orc priest is moderately wounded.
The orc priest invokes the aid of Beogh against you.
Beogh smites you!
The orc priest invokes the aid of Beogh against you.
Beogh smites you!
* * * LOW HITPOINT WARNING * * *
You hit the orc priest.
The orc priest is moderately wounded.
The orc priest invokes the aid of Beogh against you.
Beogh smites you!
You die...

##....# ###.#.#####...###
##..#### #...#.........######
...#### ##..#(<)...........#
......#######..#....).........#
#####............([...........#
# ##########.#))............# #
#................# #
#.#..)...........# ##
#..@.....######### .##
#.#o##.### ..# #....##.# #...#
#..##..#.# ...... #.# #..#.#
....#. ... ##.#.# ###... ..
.#.# .## .#.# .S#


You could see an orc priest.

Vanquished Creatures
  A centaur (D:2)
  An orc wizard (D:3)
  2 adders (D:3)
  2 worms (D:2)
  A leopard gecko (D:1)
  5 orcs (D:3)
  3 giant cockroaches (D:2)
  5 goblins
  A hobgoblin (D:1)
  A ball python (D:3)
  11 bats
  4 frilled lizards
  7 kobolds
  6 rats
50 creatures vanquished.

Notes
Turn   | Place    | Note
-------+----------+-------------------------------------------
     0 | D:1      | DogServant the Minotaur Berserker began the quest for the
                  | Orb.
     0 | D:1      | Reached XP level 1. HP: 19/19 MP: 0/0
   563 | D:1      | Reached XP level 2. HP: 23/27 MP: 1/1
  1030 | D:2      | Noticed a centaur
  1040 | D:2      | Killed a centaur
  1040 | D:2      | Reached XP level 3. HP: 2/34 MP: 2/2
  1040 | D:2      | Reached XP level 4. HP: 3/41 MP: 3/3
  1460 | D:2      | Reached ** piety under Trog
  1938 | D:3      | Reached XP level 5. HP: 20/47 MP: 4/4
  2257 | D:3      | Killed from afar by an orc priest

Illustrated notes

Levels and vault maps discovered:
D:1:      heliophobic_arrival_dark_side_of_the_moon, layout_loops_ring
D:2:      layout_basic
D:3:      layout_rooms, portal_sewer_entry_b, grunt_ministairs_3

Skill      XL: |  1  2  3  4  5 |
---------------+----------------+-----
Fighting       | 4 |  4.8
Long Blades    | 4 |  4.8
Armour         | 3 4 |  4.0
Dodging        | 3 |  3.6

Action                   |  1- 3 |  4- 6 || total
-------------------------+-------+-------++-------
Melee: Falchion          |    35 |    51 ||    86
       Headbutt          |     4 |     6 ||    10
Invok: Berserk           |       |     1 ||     1
  Use: Scroll            |       |     4 ||     4
Armor: Animal skin       |    14 |    13 ||    27
Dodge: Dodged            |    28 |    49 ||    77
       Rpst.: Falchion   |     8 |    12 ||    20

Table legend: (Time is in decaauts)
 A = Elapsed time spent in this place.
 B = Non-inter-level travel time spent in this place.
 C = Inter-level travel time spent in this place.
 D = Time resting spent in this place.
 E = Time spent auto-exploring this place.
 F = Levels seen in this place.
 G = Mean time per level.
                   A        B        C        D        E       F      G
               +--------+--------+--------+--------+--------+-----+--------+
         Total |   2266 |   2256 |     10 |    773 |   1097 |   3 |  755.3 |
       Dungeon |   2266 |   2256 |     10 |    773 |   1097 |   3 |  755.3 |
               +--------+--------+--------+--------+--------+-----+--------+

Top non-repeatable levels by time:
     D:1: 1232 daAuts
     D:2: 815 daAuts
     D:3: 218 daAuts
